 Dungeon Crawl Stone Soup version 0.20.0-4-g10b340a (webtiles) character file.

15512 Stendarr the Fighter (level 12, -3/77 HPs)
             Began as a Tengu Air Elementalist on May 27, 2017.
             Was a High Priest of Okawaru.
             Slain by a basilisk (4 damage)
             ... on level 11 of the Dungeon.
             The game lasted 00:57:34 (18636 turns).

Stendarr the Fighter (Tengu Air Elementalist)      Turns: 18636, Time: 00:57:35

Health: -3/77      AC:  9    Str:  7    XL:     12   Next: 27%
Magic:  12/23      EV:  9    Int: 25    God:    Okawaru [*****.]
Gold:   574        SH:  0    Dex: 18    Spells: 6/25 levels left

rFire    . . .     SeeInvis +   P - +2 short sword (venom)
rCold    . . .     Gourm    .   t - +0 buckler
rNeg     . . .     Faith    .   a - +0 robe
rPois    +         Spirit   .   (helmet restricted)
rElec    +         Reflect  .   R - +2 cloak {rPois}
rCorr    .         Harm     .   n - +0 pair of gloves
MR       .....                  (boots unavailable)
Stlth    ++........             (no amulet)
Regen    0.3/turn               C - ring of Weunticy {rElec AC+3 Str-5 Int+9 Dex+2}
MPRegen  0.2/turn               W - ring of see invisible

@: about to teleport, petrifying (expiring), heavily drained, invisible, very
slow
A: beak, talons 3, able to fly 1
a: Fly, Heroism, Finesse, Renounce Religion


You were on level 11 of the Dungeon.
You worshipped Okawaru.
Okawaru was extremely pleased with you.
You were not hungry.

You visited 2 branches of the dungeon, and saw 12 of its levels.
You also visited: Ossuary.

You collected 574 gold pieces.

Inventory:

Hand Weapons
 E - the +4 whip of the Rat {slash, SInv}
   (You took it off a crimson imp on level 5 of the Dungeon)

   It inflicts extra damage upon your enemies.
   It lets you see invisible.
 M - a +0 trident
 P - a +2 short sword of venom (weapon)
Armour
 a - a +0 robe (worn)
 n - a +0 pair of gloves (worn)
 t - a +0 buckler (worn)
 x - a +2 cloak of magic resistance
 R - a +2 cloak of poison resistance (worn)
 T - the +3 hat of Pondering {ponderous, MR+ MP+10 Int+5}
   (You took it off Gastronok on level 9 of the Dungeon)

   It affects your intelligence (+5).
   It affects your resistance to hostile enchantments.
   It affects your magic capacity (+10).
Magical Staves
 Y - an uncursed staff of air
Jewellery
 C - the ring of Weunticy (left hand) {rElec AC+3 Str-5 Int+9 Dex+2}
   (You found it on level 5 of the Dungeon)

   [ring of protection]

   It affects your AC (+3).
   It affects your strength (-5).
   It affects your intelligence (+9).
   It affects your dexterity (+2).
   It insulates you from electricity.
 W - a ring of see invisible (right hand)
 Z - a +4 ring of evasion
Wands
 d - a wand of paralysis (18/24)
 k - a wand of confusion (37/48)
 l - a wand of flame (23/48)
Scrolls
 f - 3 scrolls of magic mapping
 h - 9 scrolls of remove curse
 m - 2 scrolls of fog
 o - a scroll of recharging
 q - 6 scrolls of teleportation
 v - 2 scrolls of enchant weapon
 w - 2 scrolls of amnesia {unknown}
 y - a scroll of immolation
 D - a scroll of acquirement {unknown}
 G - a scroll of noise {unknown}
 J - 3 scrolls of identify
 N - a scroll of fear {unknown}
 Q - a scroll of blinking {unknown}
Potions
 e - 6 potions of flight
 g - 2 potions of brilliance {unknown}
 j - 2 potions of haste {unknown}
 p - 2 potions of resistance
 s - 2 potions of cancellation {unknown}
 u - 3 potions of agility
 z - 2 potions of lignification {unknown}
 A - a potion of might
 B - 6 potions of curing {unknown}
 H - a potion of magic {unknown}
 L - 2 potions of mutation {unknown}
 S - a potion of ambrosia
 X - 2 potions of degeneration {unknown}
Books
 b - a book of Air

   Spells                             Type                      Level
   a - Shock                          Conjuration/Air              1
   b - Swiftness                      Charms/Air                   2
   c - Static Discharge               Conjuration/Air              3
   d - Airstrike                      Air                          4
   e - Lightning Bolt                 Conjuration/Air              5
 r - a book of Callings

   Spells                             Type                      Level
   a - Summon Small Mammal            Summoning                    1
   b - Call Imp                       Summoning                    2
   c - Call Canine Familiar           Summoning                    3
   d - Summon Guardian Golem          Hexes/Summoning              3
   e - Summon Lightning Spire         Summoning/Air                4
   f - Summon Ice Beast               Ice/Summoning                4
Comestibles
 c - 5 bread rations
 i - 9 meat rations
 F - 10 chunks of flesh
 V - 9 royal jellies


   Skills:
 * Level 10.1(8.5) Fighting
 + Level 4.0(2.6) Polearms
 * Level 6.8(5.2) Armour
 - Level 9.3(7.7) Dodging
 - Level 2.0(0.6) Stealth
 - Level 5.0(3.6) Shields
 * Level 7.2(5.7) Spellcasting
 - Level 9.8(8.1) Conjurations
 - Level 7.5(5.9) Air Magic


You had 6 spell levels left.
You knew the following spells:

 Your Spells              Type           Power        Failure   Level  Hunger
a - Shock                 Conj/Air       ####         1%          1    None
b - Swiftness             Chrm/Air       ###.....     3%          2    None
c - Static Discharge      Conj/Air       #####...     1%          3    #......
d - Airstrike             Air            #####.....   7%          4    ###....
e - Mephitic Cloud        Conj/Pois/Air  ####....     3%          3    #......
f - Conjure Flame         Conj/Fire      ####....     4%          3    #......
g - Regeneration          Chrm/Necr      #.........   24%         3    #......


Dungeon Overview and Level Annotations

Branches:
Dungeon (11/15)            Temple (1/1) D:6            Lair (0/6) D:11
    Orc: D:9-12

Altars:
Ashenzari
Cheibriados
Dithmenos
Elyvilon
Fedhas
Gozag
Hepliaklqana
Kikubaaqudgha
Makhleb
Nemelex Xobeh
Okawaru
Qazlal
Ru
Sif Muna
Trog
Uskayaw
Vehumet
Xom
Zin
The Shining One

Shops:
D:5 *   D:11 }


Innate Abilities, Weirdness & Mutations

You have a beak for a mouth.
You have claws for feet.
You can fly.


Message History

The basilisk hisses angrily.
Okay, then.
Okay, then.
The basilisk gazes at you. You resist with some effort.
The basilisk gazes at you. You resist with some effort.
The basilisk gazes at you.
You are slowing down.
As you read the scroll of teleportation, it crumbles to dust.
You feel strangely unstable.
The skeletal warrior hits you with a morningstar of draining!!
* * * LOW HITPOINT WARNING * * *
You feel drained.
* * * LOW HITPOINT WARNING * * *
The basilisk barely misses you.
Your limbs are stiffening.
You fade into invisibility!
The skeletal warrior completely misses you.
The basilisk bites you.
You die...

#...........#.......#.....
#..........)).......#..(..
#...........#.......#.....
########'####.......#....#
#....#..............#....#
#....#..............#....#
#....'..............######
#....#..l...........z.....
#######..z@........>.......
#........############......
#.♣......#..........'......
#........#..........#......
#♣∩♣.....#..........#......
#........###'##.....#......
##♣###'#......#.....#......
#.....#......#.....#......
#.....#......#.....#......


You could see a skeletal warrior and a basilisk.

Vanquished Creatures
  Gastronok (D:9)
  A death yak (D:11)
  A death knight (D:11)
  2 two-headed ogres
  The ghost of ghjk the Cleaver, a novice MiBe of Trog (D:10)
  An unseen horror (D:11)
  An ugly thing (D:11)
  A manticore (D:11)
  Maurice (D:8)
  2 gargoyles (D:11)
  A centaur skeleton (D:11)
  A komodo dragon (D:11)
  2 freezing wraiths
  A troll (D:10)
  A hornet (D:8)
  2 hippogriffs (D:11)
  A vampire (D:11)
  3 yaks (D:11)
  2 hungry ghosts
  Menkaure (D:5)
  A porcupine (D:11)
  2 black bears
  4 orc warriors
  2 phantoms
  2 sky beasts
  4 ice beasts
  5 ogres
  9 centaurs
  A crocodile (D:11)
  3 big kobolds
  8 bullfrogs
  A gnoll sergeant (D:8)
  A wyvern skeleton (D:7)
  A scorpion (D:9)
  4 killer bees (D:9)
  3 wights (D:11)
  4 howler monkeys
  4 crimson imps
  A bullfrog zombie (D:7)
  11 hounds
  6 jellies
  2 quasits (D:7)
  6 orc priests
  4 bullfrog skeletons
  Crazy Yiuf (D:2)
  4 iguanas
  Terence (D:2)
  15 orc wizards
  9 worker ants
  3 mummies (Ossuary)
  Robin (D:4)
  3 gnolls (D:8)
  15 adders
  2 shadow imps
  5 oozes (D:8)
  An adder skeleton (D:6)
  3 worms
  3 dart slugs
  5 leopard geckos
  42 orcs
  6 giant cockroaches
  13 goblins
  15 hobgoblins
  16 jackals
  6 quokkas
  5 ball pythons
  8 bats
  7 frilled lizards
  A gnoll zombie (Ossuary)
  6 goblin zombies (Ossuary)
  A hobgoblin zombie (Ossuary)
  26 kobolds
  3 kobold zombies (Ossuary)
  A leopard gecko skeleton (D:5)
  A leopard gecko zombie (D:7)
  4 rats
348 creatures vanquished.

Vanquished Creatures (others)
  A kobold zombie (Ossuary)
1 creature vanquished.

Grand Total: 349 creatures vanquished

Notes
Turn   | Place    | Note
-------+----------+-------------------------------------------
     0 | D:1      | Stendarr the Tengu Air Elementalist began the quest for the Orb.
     0 | D:1      | Reached XP level 1. HP: 10/10 MP: 4/4
   338 | D:1      | Reached XP level 2. HP: 12/15 MP: 0/6
   585 | D:1      | Learned a level 2 spell: Swiftness
   725 | D:1      | You fall through a shaft!
   725 | D:2      | Found a shattered altar of Ashenzari.
  1156 | D:1      | Reached XP level 3. HP: 19/19 MP: 4/7
  2235 | D:2      | Reached XP level 4. HP: 16/24 MP: 8/8
  2844 | D:2      | Learned a level 3 spell: Static Discharge
  2935 | D:2      | Found an opulent altar of Gozag.
  2938 | D:2      | Noticed Terence
  2965 | D:2      | Killed Terence
  3107 | D:2      | Reached skill level 1 in Shields
  3160 | D:2      | Found a burning altar of Makhleb.
  3160 | D:2      | Noticed a blizzard demon
  3242 | D:2      | Found a deep blue altar of Sif Muna.
  3242 | D:2      | Found a hide-covered altar of Uskayaw.
  3281 | D:2      | Found a runed door.
  3311 | D:2      | Noticed Crazy Yiuf
  3332 | D:2      | Killed Crazy Yiuf
  3332 | D:2      | Gained mutation: You can fly. [Tengu growth]
  3332 | D:2      | Reached XP level 5. HP: 8/28 MP: 10/10
  3878 | D:3      | Found a faded altar of an unknown god.
  4018 | D:3      | Found a blossoming altar of Fedhas.
  4404 | D:4      | Reached skill level 5 in Conjurations
  4540 | D:4      | Reached XP level 6. HP: 18/32 MP: 11/11
  4836 | D:4      | Reached skill level 5 in Air Magic
  4842 | D:4      | Learned a level 4 spell: Airstrike
  5058 | D:4      | Noticed Robin
  5075 | D:4      | Killed Robin
  5075 | D:4      | Reached XP level 7. HP: 32/36 MP: 1/12
  5449 | D:4      | HP: 1/36 [poisoned by a worker ant]
  6102 | D:5      | Entered Level 5 of the Dungeon
  6205 | D:5      | Found Hehupeo's General Store.
  6363 | D:5      | Noticed Menkaure
  6399 | D:5      | Killed Menkaure
  6399 | D:5      | Reached XP level 8. HP: 14/41 MP: 6/15
  6980 | D:5      | Got a glittering steel ring
  6981 | D:5      | Identified the ring of Weunticy {rElec AC+3 Str-5 Int+9 Dex+2} (You found it on level 5 of the Dungeon)
  7088 | D:5      | Got a fine whip {slash}
  7089 | D:5      | Identified the +4 whip of the Rat {slash, SInv} (You took it off a crimson imp on level 5 of the Dungeon)
  7127 | D:5      | Learned a level 3 spell: Mephitic Cloud
  7309 | D:5      | Reached skill level 5 in Shields
  7507 | D:6      | Found a sand-covered staircase.
  7511 | Ossuary  | Entered an ossuary
  7511 | Ossuary  | Noticed a wraith
  7511 | Ossuary  | Noticed a wraith
  7511 | Ossuary  | Noticed a wraith
  7742 | Ossuary  | Noticed a wraith
  8805 | D:6      | Reached XP level 9. HP: 45/45 MP: 13/17
  8843 | D:6      | Found a staircase to the Ecumenical Temple.
  8853 | Temple   | Entered the Ecumenical Temple
  8895 | Temple   | Became a worshipper of Warmaster Okawaru
  8977 | D:6      | Reached skill level 5 in Spellcasting
  8991 | D:6      | Learned a level 3 spell: Conjure Flame
  9700 | D:7      | Found an iron altar of Okawaru.
  9718 | D:7      | Reached skill level 1 in Fighting
  9769 | D:7      | Reached skill level 2 in Fighting
  9944 | D:7      | Reached * piety under Okawaru
 10153 | D:7      | Reached skill level 3 in Fighting
 10878 | D:8      | Reached skill level 4 in Fighting
 11206 | D:8      | Noticed a two-headed ogre
 11242 | D:7      | Killed a two-headed ogre
 11242 | D:7      | Reached ** piety under Okawaru
 11242 | D:7      | Reached skill level 5 in Fighting
 11242 | D:7      | Reached skill level 5 in Dodging
 11242 | D:7      | Reached XP level 10. HP: 50/59 MP: 9/18
 11298 | D:8      | Noticed Maurice
 11500 | D:8      | Killed Maurice
 11500 | D:8      | Reached skill level 6 in Fighting
 11662 | D:8      | Reached *** piety under Okawaru
 11796 | D:8      | Learned a level 3 spell: Regeneration
 11847 | D:8      | Noticed Gastronok
 12488 | D:8      | Found an opulent altar of Gozag.
 13138 | D:9      | Killed Gastronok
 13138 | D:9      | Reached skill level 7 in Fighting
 13261 | D:9      | Reached **** piety under Okawaru
 13261 | D:9      | Reached skill level 8 in Fighting
 13362 | D:9      | Reached XP level 11. HP: 68/68 MP: 19/19
 13705 | D:9      | Reached skill level 1 in Polearms
 13820 | D:10     | Entered Level 10 of the Dungeon
 14074 | D:10     | Noticed ghjk's ghost (novice MiBe)
 14117 | D:10     | Killed ghjk's ghost
 14661 | D:11     | Noticed a red ugly thing
 14669 | D:11     | Noticed a manticore
 14916 | D:11     | Found Zinguip's Gadget Emporium.
 15156 | D:11     | Noticed a two-headed ogre
 15178 | D:11     | Noticed an unseen horror
 15257 | D:11     | Killed a two-headed ogre
 15257 | D:11     | Reached ***** piety under Okawaru
 15476 | D:11     | Killed an unseen horror
 15476 | D:11     | Reached skill level 9 in Fighting
 15676 | D:11     | Reached skill level 5 in Armour
 16206 | D:11     | Killed a red ugly thing
 16434 | D:11     | Noticed a death knight
 16434 | D:11     | Noticed a skeletal warrior
 16880 | D:11     | HP: 2/71 [vampire (6)]
 17591 | D:11     | Killed a manticore
 17591 | D:11     | Reached XP level 12. HP: 67/77 MP: 9/23
 17657 | D:11     | Found a staircase to the Lair.
 17662 | D:11     | Noticed a death yak
 17985 | D:11     | Killed a death yak
 18011 | D:11     | Reached skill level 10 in Fighting
 18576 | D:11     | Killed a death knight
 18635 | D:11     | HP: 2/77 [skeletal warrior/morningstar of draining[a death knight] (12)]
 18636 | D:11     | Slain by a basilisk

Skill      XL: |  1  2  3  4  5  6  7  8  9 10 11 12 |
---------------+-------------------------------------+-----
Conjurations   | 2 3 4 5 6 7 9 |  9.8
Shields        | 1 2 3 4 5 |  5.0
Spellcasting   | 3 4 5 6 7 |  7.2
Air Magic      | 5 7 |  7.5
Fighting       | 5 8 9 10 | 10.1
Dodging        | 5 8 9 |  9.3
Armour         | 2 6 |  6.8
Polearms       | 3 4 |  4.0
Stealth        | |  2.0

Action                   |  1- 3 |  4- 6 |  7- 9 | 10-12 || total
-------------------------+-------+-------+-------+-------++-------
Melee: Unarmed           |     4 |       |       |       ||     4
       Whip              |    24 |   171 |   237 |    95 ||   527
       Kick              |     8 |    38 |    67 |   123 ||   236
       Peck              |     5 |    19 |    44 |    88 ||   156
       Short sword       |       |       |       |   326 ||   326
       Staff             |       |       |       |     3 ||     3
       Trident           |       |       |       |    37 ||    37
 Cast: Shock             |    56 |    14 |   141 |   163 ||   374
       Static Discharge  |       |       |     6 |    14 ||    20
       Airstrike         |       |       |     1 |    49 ||    50
       Mephitic Cloud    |       |       |     3 |    26 ||    29
       Conjure Flame     |       |       |     1 |     4 ||     5
       Regeneration      |       |       |       |     5 ||     5
Invok: Heroism           |       |       |       |     3 ||     3
 Abil: Fly               |       |       |       |     3 ||     3
  Use: Potion            |     2 |       |       |     3 ||     5
       Scroll            |       |       |    13 |     4 ||    17
 Stab: Sleeping          |       |     5 |     7 |     1 ||    13
       Confused          |       |       |     4 |     4 ||     8
  Eat: Chunk             |     5 |     9 |    14 |    26 ||    54
       Bread ration      |       |       |     1 |       ||     1
       Royal jelly       |       |       |       |     2 ||     2
       Fruit             |       |       |       |     3 ||     3
Armor: Robe              |    26 |    47 |    88 |    88 ||   249
Dodge: Dodged            |    52 |   129 |   164 |   502 ||   847
Block: Buckler           |       |    28 |    63 |   181 ||   272
